 Dungeon Crawl Stone Soup version 0.27-a0-780-geb8d7bc690 (webtiles) character file.

Game seed: 15326884240403350271

899 Ijustatesigmund the Chopper (level 7, -15/56 HPs)
             Began as a Demonspawn Fighter on Mar 26, 2021.
             Demolished by a two-headed ogre
             ... wielding a +0 giant club
              (21 damage)
             ... on level 5 of the Dungeon.
             The game lasted 00:07:23 (3729 turns).

Ijustatesigmund the Chopper (Demonspawn Fighter)    Turns: 3729, Time: 00:07:25

Health: -15/56     AC:  9    Str: 16    XL:     7   Next: 79%
Magic:  7/7        EV: 12    Int:  9    God:
Gold:   29         SH: 10    Dex: 15    Spells: 6/6 levels left

rFire    . . .     SeeInvis +   a - +0 war axe
rCold    . . .     Faith    .   c - +1 kite shield
rNeg     . . .     Spirit   .   b - +0 scale mail
rPois    +         Reflect  .   (no helmet)
rElec    .         Harm     .   l - +2 cloak {rPois}
rCorr    .         Rampage  .   (no gloves)
Will     .....                  (no boots)
Stlth    ..........             (no amulet)
HPRegen  0.18/turn              f - +4 ring of evasion
MPRegen  0.10/turn              j - ring of see invisible

@: no status effects
A: hooves 1, powered by pain 2
a: no special abilities


You were on level 5 of the Dungeon.
You visited 1 branch of the dungeon, and saw 6 of its levels.

You collected 99 gold pieces.
You spent 70 gold pieces at shops.

Inventory:

Hand Weapons
 a - a +0 war axe (weapon)
Armour
 b - a +0 scale mail (worn)
 c - a +1 kite shield (worn)
 l - a +2 cloak of poison resistance (worn)
Jewellery
 f - a +4 ring of evasion (right hand)
 j - a ring of see invisible (left hand)
 k - a ring of flight
Wands
 n - a wand of random effects (19)
Scrolls
 o - a scroll of identify
 p - a scroll of enchant armour
Potions
 e - 2 potions of attraction
 g - 2 potions of haste


   Skills:
 + Level 5.3 Fighting
 * Level 6.0 Axes
 - Level 2.6 Armour
 + Level 3.7 Dodging
 - Level 2.6 Shields


You had 6 spell levels left.
You didn't know any spells.
Your spell library contained the following spells:

 Spells                   Type           Power      Damage    Failure   Level
 Animate Skeleton         Necr           0%         N/A       100%        1
 Apportation              Tloc           0%         N/A       100%        1
 Corona                   Hex            0%         N/A       100%        1
 Summon Small Mammal      Summ           0%         N/A       100%        1
 Ensorcelled Hibernation  Hex/Ice        0%         N/A       100%        2
 Confusing Touch          Hex            0%         N/A       100%        3
 Dazzling Flash           Conj/Hex       0%         N/A       100%        3
 Gell's Gravitas          Tloc           0%         N/A       100%        3
 Tukima's Dance           Hex            0%         N/A       100%        3
 Petrify                  Tmut/Erth      0%         N/A       100%        4
 Metabolic Englaciation   Hex/Ice        0%         N/A       100%        5
 Yara's Violent Unravell  Hex/Tmut       0%         3d3       100%        5


Dungeon Overview and Level Annotations

Branches:
Dungeon (6/15)
 Temple: D:4-7

Altars:
Nemelex Xobeh
Trog
Yredelemnul

Shops:
D:1 :   D:2 ?


Innate Abilities, Weirdness & Mutations

You have large cloven feet.
You sometimes gain power by taking damage.


Message History

The howler monkey howls!
You hear two shouts!
The howler monkey hoots and howls with incredible vigour!
You hear an angry hiss.
You hear a shout!
You slash the howler monkey!
The howler monkey is heavily wounded.
The howler monkey closely misses you.
The howler monkey hits you but does no damage.
You slash the howler monkey!
You kill the howler monkey!
A two-headed ogre comes into view.
It is wielding a +0 giant club and a +0 dire flail of distortion.
Your Axes skill increases to level 6!
You see here a howler monkey corpse.
You hit the two-headed ogre.
The two-headed ogre is lightly wounded.
The walls and floor vibrate strangely for a moment.
The two-headed ogre hits you with a +0 giant club!!
The two-headed ogre barely misses you.
You are too injured to fight recklessly!
You are too injured to fight recklessly!
You are too injured to fight recklessly!
You are too injured to fight recklessly!
You are too injured to fight recklessly!
You are too injured to fight recklessly!
You are too injured to fight recklessly!
You are too injured to fight recklessly!
You are too injured to fight recklessly!
You are too injured to fight recklessly!
You are too injured to fight recklessly!
Aiming: Random Effects
Press: ? - help, Shift-Dir - straight line, f - two-headed ogre
Aim: a two-headed ogre, wielding a +0 giant club and a +0 dire flail of distortion (lightly wounded)
The two-headed ogre easily resists.
You block the two-headed ogre's attack. The two-headed ogre barely misses you.
You hit the two-headed ogre.
The two-headed ogre is lightly wounded.
The two-headed ogre hits you with a +0 giant club!
* * * LOW HITPOINT WARNING * * *
You block the two-headed ogre's attack.
The two-headed ogre hits you with a +0 giant club!!
You die...

#.# #.# #####
##> ##.## #.#
....##...#
#.#
.........#
#.#
#...######.#
##.#.).....#
#.#.#######
#....##
#.#.#@#
#....(O......
#.#.#.##.....
##...## ..##
##.. .# ### #


You could see a two-headed ogre.

Vanquished Creatures
  A shadow (D:6)
  A water moccasin (D:5)
  An orc warrior (D:5)
  2 scorpions
  A howler monkey (D:5)
  2 hounds (D:4)
  3 orc priests
  Crazy Yiuf (D:2)
  2 iguanas
  Jessica (D:3)
  2 orc wizards (D:6)
  4 adders
  A shadow imp (D:5)
  An ufetubus (D:4)
  An adder skeleton (D:4)
  An adder zombie (D:5)
  A dart slug (D:1)
  7 orcs
  3 endoplasms (D:1)
  A giant cockroach (D:1)
  4 goblins
  5 hobgoblins
  3 quokkas
  4 ball pythons
  4 bats
  2 frilled lizards (D:1)
  6 kobolds
  6 rats
71 creatures vanquished.

Notes
Turn   | Place    | Note
-------+----------+-------------------------------------------
     0 | D:1      | Ijustatesigmund the Demonspawn Fighter began the quest for
                  | the Orb.
     0 | D:1      | Reached XP level 1. HP: 18/18 MP: 1/1
   300 | D:1      | Reached skill level 2 in Axes
   337 | D:1      | Found Atheire's Book Shop.
   394 | D:1      | Gained mutation: You sometimes gain a little power by
                  | taking damage. [demonic ancestry]
   394 | D:1      | Reached XP level 2. HP: 24/24 MP: 2/2
   906 | D:2      | Reached skill level 1 in Dodging
   985 | D:2      | Reached XP level 3. HP: 16/29 MP: 3/3
  1522 | D:2      | Found a bloodstained altar of Trog.
  1583 | D:2      | Found a runed translucent door.
  1584 | D:2      | Noticed Crazy Yiuf
  1590 | D:2      | Killed Crazy Yiuf
  1591 | D:2      | Reached skill level 3 in Axes
  1591 | D:2      | Reached XP level 4. HP: 35/35 MP: 4/4
  1708 | D:2      | Found Kutoir's Magic Scroll Shoppe.
  1726 | D:2      | Bought a scroll of identify for 20 gold pieces
  1726 | D:2      | Bought a scroll of teleportation for 30 gold pieces
  1726 | D:2      | Bought a scroll of identify for 20 gold pieces
  1759 | D:2      | You fall into a shaft and drop 2 floors!
  1870 | D:4      | Gained mutation: You have large cloven feet. [demonic
                  | ancestry]
  1870 | D:4      | Reached XP level 5. HP: 41/42 MP: 5/5
  1986 | D:4      | Reached skill level 4 in Axes
  2235 | D:3      | Found a faded altar of an unknown god.
  2246 | D:3      | Reached XP level 6. HP: 32/48 MP: 6/6
  2688 | D:3      | Noticed Jessica
  2694 | D:3      | Killed Jessica
  2710 | D:3      | Found a basalt altar of Yredelemnul.
  2742 | D:3      | You fall into a shaft and drop 3 floors!
  2826 | D:6      | Noticed a shadow
  2835 | D:6      | Killed a shadow
  2849 | D:6      | Reached skill level 5 in Axes
  2853 | D:6      | Gained mutation: You sometimes gain power by taking damage.
                  | [demonic ancestry]
  2853 | D:6      | Reached XP level 7. HP: 16/55 MP: 7/7
  3104 | D:5      | Entered Level 5 of the Dungeon
  3107 | D:5      | Found a sparkling altar of Nemelex Xobeh.
  3559 | D:5      | Reached skill level 5 in Fighting
  3725 | D:5      | Noticed a two-headed ogre
  3726 | D:5      | Reached skill level 6 in Axes
  3729 | D:5      | Demolished by a two-headed ogre

Illustrated notes

Levels and vault maps discovered:
D:1:      dpeg_arrival_simpleton_b, layout_basic, serial_shops,
          nicolae_shop_window_shopping, st_stairs_5
D:2:      layout_basic, old_standard_altar, serial_shops, shop,
          minmay_misc_feat_x, uniq_crazy_yiuf_cottage
D:3:      layout_loops_cross, overflow_temple_1_default,
          overflow_temple_1_default, nicolae_ru_sacrificial_ziggurat,
          chequers_ecumenical_altar_island, minivault_24, chequers_big_river,
          fedhas_altar_fruit_tree, uniq_jessica
D:4:      layout_cave_pools, minmay_temple_entry_mist
D:5:      layout_loops_ring, old_standard_altar, nicolae_overflow_hidden_temple,
          gup_sewer_entry_bubbles, minmay_misc_feat_enclosed
D:6:      layout_loops_ring, gammafunk_temple_overflow_elements,
          minmay_overflow_temple_star_quad, kennysheep_generic_room_7,
          uniq_edmund

Skill      XL: |  1  2  3  4  5  6  7 |
---------------+----------------------+-----
Axes           | 2 3 4 5 6 |  6.0
Dodging        | 1 2 3 |  3.7
Fighting       | 4 5 |  5.3
Armour         | |  2.6
Shields        | |  2.6

Action                   |  1- 3 |  4- 6 |  7- 9 || total
-------------------------+-------+-------+-------++-------
Melee: War axe           |   103 |    99 |    61 ||   263
       Kick              |       |    21 |    11 ||    32
Evoke: Wand              |       |       |     1 ||     1
  Use: Scroll            |     3 |     7 |     1 ||    11
       Potion            |       |     1 |     5 ||     6
Armor: Scale mail        |    27 |    23 |    18 ||    68
Dodge: Dodged            |    57 |    64 |    41 ||   162
Block: Kite shield       |    50 |    50 |    26 ||   126

Table legend: (Time is in decaauts)
 A = Elapsed time spent in this place.
 B = Non-inter-level travel time spent in this place.
 C = Inter-level travel time spent in this place.
 D = Time resting spent in this place.
 E = Time spent auto-exploring this place.
 F = Levels seen in this place.
 G = Mean time per level.
                   A        B        C        D        E       F      G
               +--------+--------+--------+--------+--------+-----+--------+
         Total |   3877 |   3793 |     84 |    901 |   2159 |   6 |  646.2 |
       Dungeon |   3877 |   3793 |     84 |    901 |   2159 |   6 |  646.2 |
               +--------+--------+--------+--------+--------+-----+--------+

Top non-repeatable levels by time:
     D:2: 1152 daAuts
     D:1: 934 daAuts
     D:6: 519 daAuts
     D:5: 499 daAuts
     D:3: 496 daAuts
     D:4: 276 daAuts
